 Dungeon Crawl Stone Soup version 0.30-a0-55-g90e3122c3a (webtiles) character file.

Game seed: 7411791962033401770

2230 Decritt the Firebug (level 9, -4/75 HPs)
             Began as a Yellow Draconian Fire Elementalist on Sept 9, 2022.
             Was an Initiate of Vehumet.
             Killed from afar by a smoke demon (16 damage)
             ... with a ball of steam
             ... on level 1 of the Abyss.
             The game lasted 00:47:50 (9113 turns).

Decritt the Firebug (DrFE)                          Turns: 9113, Time: 00:47:51

Health: -4/75      AC:  8    Str: 20    XL:     9   Next: 14%
Magic:  12/14      EV: 11    Int: 21    God:    Vehumet [......]
Gold:   606        SH:  9    Dex: 13    Spells: 7/15 levels left

rFire   . . .      SeeInvis .    J - +2 trident of Moff {elec, rC+ Str+4}
rCold   + . .      Faith    .    p - +0 kite shield
rNeg    . . .      Spirit   .    (body armour unavailable)
rPois   .          Reflect  .    (helmet restricted)
rElec   .          Harm     .    L - +0 cloak
rCorr   +          Rampage  .    (no gloves)
Will    +....                    (no boots)
Stlth   ++........               w - amulet of regeneration
HPRegen 0.22/turn                I - ring "Kuklaop" {Str+6 Int+2}
MPRegen 0.14/turn                F - ring of willpower

@: about to teleport
A: spit acid, AC +7, unfitting armour, cold-blooded, acid resistance
a: Breathe Acid, Renounce Religion


You were on level 1 of the Abyss.
You worshipped Vehumet.
Vehumet was noncommittal.
You visited 2 branches of the dungeon, and saw 9 of its levels.
You visited the Abyss 1 time.
You also visited: Ossuary.

You collected 705 gold pieces.
You spent 99 gold pieces at shops.

Inventory:

Hand Weapons
 J - the +2 trident of Moff (weapon) {elec, rC+ Str+4}
   (You found it on level 6 of the Dungeon)

   It occasionally discharges a powerful burst of electricity upon striking a
   foe.
   Str:       It affects your strength (+4).
   rC:        It protects you from cold.
Missiles
 c - 2 boomerangs
 i - 8 poisoned darts
 u - 4 atropa-tipped darts
Armour
 p - a +0 kite shield (worn)
 L - a +0 cloak (worn)
Magical Staves
 G - a staff of cold
Jewellery
 q - an amulet of magic regeneration
 w - an amulet of regeneration (around neck)
 F - a ring of willpower (right hand)
 I - the ring "Kuklaop" (left hand) {Str+6 Int+2}
   (You took it off an orc wizard on level 6 of the Dungeon)

   [ring of strength]

   Str:       It affects your strength (+6).
   Int:       It affects your intelligence (+2).
 M - a ring of protection from cold
Wands
 H - a wand of polymorph (7)
 N - a wand of quicksilver (9)
Scrolls
 b - 4 scrolls of butterflies
 f - a scroll of poison {unknown}
 g - a scroll of silence {unknown}
 h - 3 scrolls of teleportation
 n - a scroll of fear {unknown}
 t - a scroll of amnesia
 x - a scroll of immolation {unknown}
 y - 2 scrolls of magic mapping
 z - a scroll of vulnerability {unknown}
 K - 2 scrolls of blinking {unknown}
Potions
 a - a potion of magic
 d - 2 potions of ambrosia
 e - 3 potions of haste
 j - a potion of attraction {unknown}
 k - a potion of might
 l - 3 potions of mutation
 m - 8 potions of curing
 o - a potion of cancellation {unknown}
 s - a potion of berserk rage
 v - a potion of lignification
 A - 2 potions of brilliance
 C - a potion of resistance {unknown}
 D - a potion of invisibility {unknown}
 E - a potion of flight {unknown}


   Skills:
 + Level 5.8 Fighting
 + Level 2.9 Polearms
 - Level 3.1 Dodging
 - Level 1.8 Stealth
 * Level 5.2 Shields
 - Level 3.7 Spellcasting
 - Level 3.8 Conjurations
 + Level 7.1 Fire Magic


You had 7 spell levels left.
You knew the following spells:

 Your Spells              Type           Power      Damage    Failure   Level
a - Foxfire               Conj/Fire      100%       2x1d9     3%          1
b - Flame Wave            Conj/Fire      26%        2d8       36%         4
c - Inner Flame           Hex/Fire       18%        N/A       24%         3

Your spell library contained the following spells:

 Spells                   Type           Power      Damage    Failure   Level
 Scorch                   Fire           66%        2d8       2%          2
 Conjure Flame            Conj/Fire      26%        6-21      11%         3
 Sandblast                Erth           6%         2d5       34%         1
 Stone Arrow              Conj/Erth      22%        3d8       43%         3
 Passwall                 Tmut/Erth      2%         N/A       45%         2
 Call Canine Familiar     Summ           3%         N/A       71%         3
 Portal Projectile        Hex/Tloc       6%         N/A       71%         3
 Leda's Liquefaction      Hex/Erth       1%         N/A       98%         4


Dungeon Overview and Level Annotations

Branches:
Dungeon (8/15)             Temple (1/1) D:7         Ossuary (visited)
   Lair: D:8-11

Altars:
Ashenzari
Cheibriados
Dithmenos
Elyvilon
Fedhas
Gozag
Hepliaklqana
Kikubaaqudgha
Makhleb
Nemelex Xobeh
Okawaru
Qazlal
Ru
Sif Muna
Trog
Uskayaw
Vehumet
Wu Jian
Xom
Yredelemnul
Zin
The Shining One

Shops:
D:4 *   D:5 *   D:7 (


Innate Abilities, Weirdness & Mutations

You can spit globs of acid.
Your golden yellow scales are hard. (AC +7)
You cannot fit into any form of body armour.
You are cold-blooded and may be slowed by cold attacks.
You are resistant to acid. (rCorr)


Message History

You start resting.
A smoke demon is nearby!
A smoke demon is nearby!
A smoke demon is nearby!
A smoke demon is nearby!
As you read the scroll of teleportation, it crumbles to dust.
You feel strangely unstable.
You feel the power of the Abyss delaying your translocation!
The smoke demon roars!
A smoke demon is nearby!
A smoke demon is nearby!
A smoke demon is nearby!
A smoke demon is nearby!
A smoke demon is nearby!
The smoke demon gestures at you.
The sticky flame hits you but does no damage.
You are covered in liquid flames!
Casting: Foxfire (safe; 3% risk of failure)
Confirm with . or Enter, or press ? or * to list all spells.
You conjure some foxfire!
You are covered in liquid flames!
The smoke demon gestures at you. The ball of steam hits your foxfire.
Your foxfire resists.
The ball of steam hits you!!
* * * LOW HITPOINT WARNING * * *
You are engulfed in a cloud of scalding steam.
* * * LOW HITPOINT WARNING * * *
You are covered in liquid flames!
* * * LOW HITPOINT WARNING * * *
You are no longer on fire.
Casting: Foxfire (safe; 3% risk of failure)
Confirm with . or Enter, or press ? or * to list all spells.
You conjure some foxfire!
You are engulfed in a cloud of scalding steam.
* * * LOW HITPOINT WARNING * * *
The foxfire hits the smoke demon.
The smoke demon completely resists.
The smoke demon gestures at you. The ball of steam hits you!
You die...

. #. # #
# . #. .
. . # .
.#
.##..##
# # # .
#.#. .#
. #
#..3. .
. # #
#§# .#
.. 3##.
.. . #.
. #.
#§#. .#
# # . #
#@##..##
.. # ###
. . . #
# . . .
. . . .
. . .
... #
... #..


You could see a smoke demon.

Vanquished Creatures
  Maggie (D:7)
  A black bear (D:5)
  An ice beast (D:7)
  2 sky beasts (D:7)
  2 orc warriors
  An ogre (D:6)
  A bullfrog (D:7)
  2 necrophages
  2 scorpions
  5 wights
  A howler monkey (D:7)
  2 jellies
  Crazy Yiuf (D:6)
  3 orc priests
  2 hounds
  2 iguanas
  5 orc wizards
  8 mummies (Ossuary)
  5 adders
  2 white imps
  2 ufetubi
  5 worms
  A dart slug (D:2)
  25 orcs
  8 bats
  7 endoplasms
  A giant cockroach (D:2)
  A gnoll zombie (Ossuary)
  8 goblins
  6 hobgoblins
  4 jackals (D:5)
  2 quokkas
  2 ball pythons
  2 frilled lizards (D:3)
  4 hobgoblin zombies (Ossuary)
  4 kobolds
  A kobold zombie (Ossuary)
  2 orc zombies (Ossuary)
  7 rats
141 creatures vanquished.

Vanquished Creatures (others)
  253 foxfires
253 creatures vanquished.

Grand Total: 394 creatures vanquished

Notes
Turn   | Place    | Note
-------+----------+-------------------------------------------
     0 | D:1      | Decritt the Draconian Fire Elementalist began the quest for
                  | the Orb.
     0 | D:1      | Reached XP level 1. HP: 14/14 MP: 3/3
   293 | D:1      | Reached XP level 2. HP: 16/22 MP: 5/5
   830 | D:2      | Reached skill level 1 in Fighting
  1148 | D:2      | Found a faded altar of an unknown god.
  1177 | D:2      | Reached XP level 3. HP: 20/28 MP: 2/6
  1954 | D:2      | Reached XP level 4. HP: 24/36 MP: 7/7
  3456 | D:4      | Reached XP level 5. HP: 38/41 MP: 9/9
  3703 | D:4      | Found Qopsoplua's Gadget Gallery.
  4660 | D:5      | Entered Level 5 of the Dungeon
  4677 | D:4      | Reached skill level 4 in Fire Magic
  4924 | D:5      | Reached XP level 6. HP: 31/50 MP: 8/10
  5113 | D:5      | Found Tofaad's General Store.
  5135 | D:5      | Bought a scroll of teleportation for 33 gold pieces
  5135 | D:5      | Bought 2 potions of curing for 66 gold pieces
  5312 | D:5      | Reached skill level 5 in Fire Magic
  5529 | D:4      | Your scales start taking on a golden yellow colour.
  5529 | D:4      | Reached XP level 7. HP: 21/55 MP: 7/11
  5529 | D:4      | Gained mutation: You are resistant to acid. (rCorr) [Yellow
                  | Draconian growth]
  5619 | D:5      | HP: 2/56 [wight/+5 halberd (15)]
  5684 | D:5      | Learned a level 4 spell: Flame Wave
  6025 | D:6      | Found a sand-covered staircase.
  6032 | Ossuary  | Entered an ossuary
  6189 | Ossuary  | Reached skill level 6 in Fire Magic
  6233 | Ossuary  | Reached skill level 1 in Shields
  6770 | D:6      | Found a runed translucent door.
  6773 | D:6      | Noticed Crazy Yiuf
  6781 | D:6      | Killed Crazy Yiuf
  6955 | D:6      | Identified the ring "Kuklaop" {Str+6 Int+2}
  6964 | D:6      | Reached XP level 8. HP: 67/67 MP: 9/13
  7224 | D:6      | Identified the +2 trident of Moff {elec, rC+ Str+4}
  7538 | D:7      | Reached skill level 1 in Polearms
  7561 | D:7      | Reached skill level 5 in Fighting
  7660 | D:7      | Noticed Maggie
  7671 | D:7      | Killed Maggie
  7719 | D:7      | Found a snail-covered altar of Cheibriados.
  7752 | D:7      | Identified the +3 chain mail of Beyond {rPois Str-2 Int+2
                  | Stlth+}
  7780 | D:7      | Found Kek Ymec's Antique Weapon Shoppe.
  7793 | D:7      | Reached XP level 9. HP: 74/74 MP: 14/14
  7967 | D:7      | Reached skill level 7 in Fire Magic
  8031 | D:7      | Reached skill level 5 in Shields
  8073 | D:7      | Learned a level 3 spell: Inner Flame
  8161 | D:7      | Found a staircase to the Ecumenical Temple.
  8294 | Temple   | Entered the Ecumenical Temple
  8578 | Temple   | Became a worshipper of Vehumet
  8646 | D:7      | Found a hide-covered altar of Uskayaw.
  9004 | Abyss:1  | Cast into level 1 of the Abyss (gnoll sergeant)
  9038 | Abyss:1  | Noticed a smoke demon
  9113 | Abyss:1  | Killed from afar by a smoke demon

Illustrated notes

Levels and vault maps discovered:
D:1:      grunt_arrival_lava_bath, layout_rooms
D:2:      layout_basic, nicolae_ecumenical_lake_church,
          hangedman_decor_diamond_cutter, chequers_serial_rivers_marsh,
          minmay_statues_item, grunt_decor_fettered
D:3:      layout_rooms
D:4:      layout_gridville, nicolae_shop_gadgets
D:5:      layout_rooms, serial_shops, shop
D:6:      layout_loops_cross, enter_ossuary_5, uniq_crazy_yiuf_cottage
D:7:      layout_loops_ring, nicolae_uskayaw_suspiria,
          mainiacjoe_overflow_catwalk, minmay_temple_entry_antechambers,
          serial_shops, shop, hex_medium, kennysheep_small_spiral, uniq_maggie
D:8:      layout_rooms, serial_curves, eino_curves_03, eino_curves_03,
          minmay_strange_pillars, chequers_decorated_corner
Temple:   nicolae_temple_bog_church
Abyss:1:  base:
D:5

Skill      XL: |  1  2  3  4  5  6  7  8  9 |
---------------+----------------------------+-----
Fighting       | 1 2 3 4 5 |  5.8
Conjurations   | 2 3 |  3.8
Spellcasting   | 3 |  3.7
Dodging        | 2 3 |  3.1
Fire Magic     | 4 5 6 7 |  7.1
Shields        | 1 4 5 |  5.2
Polearms       | 2 |  2.9
Stealth        | |  1.8

Action                   |  1- 3 |  4- 6 |  7- 9 || total
-------------------------+-------+-------+-------++-------
Melee: Mace              |    40 |    79 |    43 ||   162
       Unarmed           |     1 |       |       ||     1
       Tailslap          |     1 |    19 |    24 ||    44
       Morningstar       |       |    39 |       ||    39
       Punch             |       |     2 |       ||     2
       Great sword       |       |       |     7 ||     7
       Trident           |       |       |    83 ||    83
 Fire: Sling             |     7 |    24 |       ||    31
Throw: Stone             |    14 |       |       ||    14
       Dart              |    23 |    81 |       ||   104
       Boomerang         |       |     6 |    17 ||    23
 Cast: Foxfire           |    20 |    38 |    80 ||   138
 Abil: Breathe Acid      |       |       |     3 ||     3
Evoke: Wand              |       |     8 |     1 ||     9
  Use: Potion            |     2 |     1 |     4 ||     7
       Scroll            |       |     6 |     7 ||    13
 Stab: Sleeping          |       |     1 |       ||     1
Armor: Skin              |    27 |    66 |    52 ||   145
Dodge: Dodged            |    48 |   129 |    72 ||   249
Block: Kite shield       |       |       |    71 ||    71

Table legend: (Time is in decaauts)
 A = Elapsed time spent in this place.
 B = Non-inter-level travel time spent in this place.
 C = Inter-level travel time spent in this place.
 D = Time resting spent in this place.
 E = Time spent auto-exploring this place.
 F = Levels seen in this place.
 G = Mean time per level.
                   A        B        C        D        E       F      G
               +--------+--------+--------+--------+--------+-----+--------+
         Total |   9284 |   9043 |    241 |   3027 |   3646 |  11 |  844.0 |
       Dungeon |   8298 |   8064 |    234 |   2679 |   3361 |   8 | 1037.2 |
        Temple |    303 |    296 |      7 |      0 |    170 |   1 |  303.0 |
         Abyss |    109 |    109 |      0 |     64 |      0 |   1 |  109.0 |
       Ossuary |    573 |    573 |      0 |    284 |    114 |   1 |  573.0 |
               +--------+--------+--------+--------+--------+-----+--------+

Top non-repeatable levels by time:
     D:2: 1912 daAuts
     D:4: 1529 daAuts
     D:7: 1260 daAuts
     D:3: 1093 daAuts
     D:6: 963 daAuts
     D:5: 904 daAuts
     D:1: 632 daAuts
 Ossuary: 573 daAuts
  Temple: 303 daAuts
 Abyss:1: 109 daAuts
     D:8: 1 daAuts
